Map: Oxide LE

Players

Has

  • Race: Protoss Protoss

Trap - Winner!

  • Race: Protoss Protoss

Event: DreamHack SC2 Masters 2021 Fall

VOD

Have the link to the VOD?

Description

Time

  • Played on: Sept. 10, 2021, 1:04 p.m.
  • Length: 5:20

All games in this series

Show
View Real Time Build Order
Export as new Build Order

Has Protoss 

Build Orders: Nexus First 

Get SALT Encoding   

  12  0:00  Probe  
  13  0:12  Probe  
  14  0:19  Pylon  
  14  0:24  Probe  
  15  0:51  Nexus  
  15  1:02  Gateway  
  15  1:05  Probe  
  16  1:11  Assimilator  
  16  1:17  Probe  
  17  1:29  Probe  
  17  1:31  Gateway  
  19  1:48  Cybernetics Core  
  19  1:49  Zealot (Chrono Boost)  
  20  1:55  Probe  
  21  2:08  Zealot (Chrono Boost), Probe  
  24  2:19  Zealot (Chrono Boost)  
  24  2:22  Probe  
  26  2:39  Adept (Chrono Boost)  
  26  2:42  Adept (Chrono Boost)  
  28  2:48  Probe x2  
  26  3:00  Probe  
  26  3:01  Probe  
  28  3:12  Probe  
  28  3:13  Probe  
  28  3:18  Adept (Chrono Boost)  
  31  3:24  Probe  
  31  3:25  Probe  
  31  3:37  Probe (Chrono Boost)  
  31  3:40  Probe (Chrono Boost)  
  32  3:48  Probe (Chrono Boost)  
  32  3:51  Probe (Chrono Boost)  
  32  3:53  Probe (Chrono Boost)  
  32  3:59  Stalker  
  34  4:05  Stalker  
  37  4:10  Probe (Chrono Boost)  
  37  4:13  Probe (Chrono Boost)  
  38  4:21  Probe (Chrono Boost)  
  38  4:25  Probe (Chrono Boost)  
  38  4:26  Probe (Chrono Boost)  
  37  4:33  Probe  
  37  4:34  Pylon  
  38  4:44  Shield Battery  
  38  4:49  Probe  
  39  4:54  Probe  
  38  5:01  Probe  
  38  5:02  Pylon  
  38  5:03  Shield Battery  
  38  5:06  Shield Battery, Probe  
Show
View Real Time Build Order
Export as new Build Order

Trap Protoss - Winner!

Build Orders:  

Get SALT Encoding   

  12  0:00  Probe  
  13  0:12  Probe  
  14  0:17  Pylon  
  14  0:24  Probe (Chrono Boost)  
  15  0:36  Probe (Chrono Boost)  
  15  0:37  Gateway  
  16  0:44  Probe (Chrono Boost)  
  16  0:46  Assimilator  
  17  0:50  Probe  
  18  0:58  Assimilator  
  18  1:03  Probe  
  19  1:15  Probe  
  20  1:24  Pylon, Cybernetics Core  
  20  1:25  Zealot (Chrono Boost)  
  20  1:30  Probe  
  23  1:42  Probe  
  24  1:55  Probe  
  24  2:00  Adept (Chrono Boost), Stargate  
  25  2:06  Warp Gate  
  27  2:15  Pylon  
  27  2:18  Shield Battery  
  27  2:24  Adept  
  27  2:34  Probe  
  32  2:53  Shield Battery  
  32  2:58  Pylon  
  28  3:08  Stalker  
  28  3:12  Stargate  
  28  3:13  Probe  
  28  3:19  Shield Battery  
  29  3:21  Pylon  
  29  3:27  Gateway  
  31  3:44  Gateway  
  29  3:49  Void Ray (Chrono Boost)  
  27  4:00  Adept  
  33  4:15  Shield Battery  
  33  4:18  Pylon  
  33  4:19  Void Ray (Chrono Boost)  
  35  4:32  Stalker  
  35  4:33  Stalker  
  39  4:40  Stalker  
  45  5:07  Adept  
  47  5:17  Pylon  

Tags
 
Add a new tag
Caveats
  • Supply blocks, unpowered buildings, or Contaminate may cause inaccurate times.
  • Supply counts are checked every 10 seconds.